 Dungeon Sprint DCSS version 0.30-a0-691-g754fce4c43 (webtiles) character file.

Game seed: 1260150492692921688

91 BigDaddyOpFi the Trooper (level 4, -1/44 HPs)
             Began as a Hill Orc Fighter on Jan 19, 2023.
             Killed from afar by an oklob sapling priest (21 damage)
             ... with a splash of acid
             ... in the Dungeon (Sprint IV: "Fedhas' Mad Dash").
             The game lasted 00:01:12 (635 turns).

BigDaddyOpFi the Trooper (Hill Orc Fighter)          Turns: 635, Time: 00:01:13

Health: -1/44      AC:  3    Str: 20    XL:     4   Next: 57%
Magic:  4/4        EV:  9    Int:  8    God:
Gold:   51         SH:  5    Dex: 10    Spells: 3/3 levels left

rFire   . . .      SeeInvis .    a - +0 war axe
rCold   . . .      Faith    .    c - +0 buckler
rNeg    . . .      Spirit   .    b - +0 scale mail
rPois   .          Reflect  .    (no helmet)
rElec   .          Harm     .    (no cloak)
rCorr   .          Rampage  .    (no gloves)
Will    .....      NoTele   +    (no boots) Stlth
                                 l - amulet of invisibility {+Inv}
HPRegen 0.27/turn                (no ring)
MPRegen 0.09/turn                (no ring)

@: corroded, very slightly contaminated
A: no striking features
a: Evoke Invisibility


You were in the Dungeon.
You visited 1 branch You collected 51 gold pieces.

Inventory:

Hand Weapons
 a - a +0 war axe (weapon)
Armour
 b - a +0 scale mail (worn)
 c - a +0 buckler (worn)
Jewellery
 l - the amulet of invisibility (around neck) {+Inv}
   (You found it in the Dungeon)

   [amulet of nothing]

   +Inv:      It lets you turn invisible.
Scrolls
 j - a scroll of blinking
Potions
 d - a potion of might
 g - a potion of haste
 h - 2 potions of magic
 i - a potion of berserk rage


   Skills:
 + Level 6.2 Fighting
 + Level 6.2 Axes
 + Level 5.7 Armour
 + Level 5.7 Shields


You had 3 spell levels left.
You didn't know any spells.
Your spell library was empty.

Dungeon Overview and Level Annotations

Branches:
Dungeon (1/1)

Altars:
Cheibriados
Dithmenos
Elyvilon
Gozag
Hepliaklqana
Kikubaaqudgha
Makhleb
Nemelex Xobeh
Okawaru
Qazlal
Ru
Sif Muna
Trog
Uskayaw
Vehumet
Wu Jian
Xom
Yredelemnul
Zin
The Shining One
Beogh
Jiyva
Lugonu

Annotations:
D exclusion: oklob sapling


Message History

The oklob sapling priest spits acid at you.
You block the splash of acid.
You hit the oklob sapling priest.
The oklob sapling priest is heavily damaged.
You hit the oklob sapling priest but do no damage.
The oklob sapling priest is heavily damaged.
You hit the oklob sapling priest.
The oklob sapling priest is heavily damaged.
You flicker for a moment.
The oklob sapling priest looks satisfied for a moment.
You hit the oklob sapling priest but do no damage.
The oklob sapling priest is heavily damaged.
The oklob sapling priest mumbles some strange prayers to its god against you.
Something smites you!
There is a viscous altar of Jiyva here.
You hit the oklob sapling priest but do no damage.
The oklob sapling priest is heavily damaged.
You hit the oklob sapling priest but do no damage.
The oklob sapling priest is heavily damaged.
You flicker back into view.
The oklob sapling priest invokes the aid of its god against you.
Something smites you!
The oklob sapling priest begins to cast a cantrip, but forgets the words!
There is an iron altar of Okawaru here.
You fail to use your ability.
You feel much better.
The oklob sapling priest casts a cantrip, but nothing happens.
Okay, then.
You hit the oklob sapling priest.
The oklob sapling priest is almost destroyed.
The oklob sapling priest spits acid at you.
The splash of acid hits you!!
Ouch! That really hurt!
* * * LOW HITPOINT WARNING * * *
The acid corrodes you!
The oklob sapling priest looks encouraged for a moment.
You feel better.
The oklob sapling priest spits acid at you.
The splash of acid hits you!!
You die...

#######################
..#.....#.⌠._._._._.⌠.#
..'.#...'.._._._._._..+
..#.#...#..._._P@._...#
######+##.._._._._._..#
#._._._._._.⌠.#
###############


You could see an oklob sapling priest.

Vanquished Creatures
  A scorpion (D)
  An oklob sapling (D)
  A river rat (D)
  A rat (D)
4 creatures vanquished.

Notes
Turn   | Place    | Note
-------+----------+-------------------------------------------
     0 | D        | BigDaddyOpFi the Hill Orc Fighter began the quest for the
                  | Orb.
     0 | D        | Reached XP level 1. HP: 19/19 MP: 1/1
    10 | D        | Reached XP level 2. HP: 27/28 MP: 2/2
   216 | D        | Noticed an oklob sapling
   389 | D        | Killed an oklob sapling
   390 | D        | Reached skill level 5 in Fighting
   390 | D        | Reached XP level 3. HP: 36/36 MP: 3/3
   392 | D        | Noticed a scorpion
   392 | D        | Found the amulet of invisibility {+Inv}
   398 | D        | Killed a scorpion
   399 | D        | Reached skill level 5 in Armour
   399 | D        | Reached skill level 5 in Shields
   399 | D        | Reached XP level 4. HP: 25/44 MP: 4/4
   550 | D        | Found an opulent altar of Gozag.
   550 | D        | Found a hazy altar of Hepliaklqana.
   550 | D        | Found a roughly hewn altar of Beogh.
   550 | D        | Found a snail-covered altar of Cheibriados.
   552 | D        | Found a viscous altar of Jiyva.
   552 | D        | Found a burning altar of Makhleb.
   552 | D        | Found a sparkling altar of Nemelex Xobeh.
   552 | D        | Found a sacrificial altar of Ru.
   552 | D        | Found a shimmering blue altar of Sif Muna.
   552 | D        | Found a bloodstained altar of Trog.
   552 | D        | Found an ornate altar of the Wu Jian Council.
   552 | D        | Found a shimmering altar of Xom.
   552 | D        | Found a basalt altar of Yredelemnul.
   552 | D        | Noticed an oklob sapling priest
   617 | D        | Found an iron altar of Okawaru.
   617 | D        | Found a glowing silver altar of Zin.
   617 | D        | Found a shadowy altar of Dithmenos.
   618 | D        | Found a hide-covered altar of Uskayaw.
   618 | D        | Found an ancient bone altar of Kikubaaqudgha.
   619 | D        | Found a stormy altar of Qazlal.
   619 | D        | Found a glowing golden altar of the Shining One.
   619 | D        | Found a white marble altar of Elyvilon.
   620 | D        | Found a radiant altar of Vehumet.
   620 | D        | Found a corrupted altar of Lugonu.
   635 | D        | Killed from afar by an oklob sapling priest

Illustrated notes

Levels and vault maps discovered:
D:        dungeon_sprint_fedhas [sprint_temple]

Skill      XL: |  1  2  3 |
---------------+----------+-----
Fighting       | 4 5 6 |  6.2
Axes           | 3 4 6 |  6.2
Armour         | 4 5 |  5.7
Shields        | 4 5 |  5.7

Action                   |  1- 3 |  4- 6 || total
-------------------------+-------+-------++-------
Melee: War axe           |    16 |     8 ||    24
 Abil: Evoke Invisibilit |       |     1 ||     1
  Use: Scroll            |     1 |     1 ||     2
       Potion            |       |     2 ||     2
Armor: Scale mail        |     4 |       ||     4
Dodge: Dodged            |     4 |       ||     4
Block: Buckler           |     2 |     1 ||     3

Table legend: (Time is in decaauts)
 A = Elapsed time spent in this place.
 B = Non-inter-level travel time spent in this place.
 C = Inter-level travel time spent in this place.
 D = Time resting spent in this place.
 E = Time spent auto-exploring this place.
 F = Levels seen in this place.
 G = Mean time per level.
                   A        B        C        D        E       F      G
               +--------+--------+--------+--------+--------+-----+--------+
         Total |    642 |    642 |      0 |    540 |      0 |   1 |  642.0 |
       Dungeon |    642 |    642 |      0 |    540 |      0 |   1 |  642.0 |
               +--------+--------+--------+--------+--------+-----+--------+

Top non-repeatable levels by time:
       D: 642 daAuts
